 Dungeon Crawl Stone Soup version 0.31.0-12-g77e489cdc1 (webtiles) character file.

Game seed: 8886761885075419010

298 HakonGodeson the Chopper (level 6, -2/6 HPs)
             Began as a Human Berserker on Feb 18, 2024.
             Was a Priest of Trog.
             Incinerated by a bombardier beetle (8 damage)
             ... with a burning spray
             ... on level 4 of the Dungeon.
             The game lasted 00:08:50 (2768 turns).

HakonGodeson the Chopper (Human Berserker)          Turns: 2768, Time: 00:08:50

Health: -2/6       AC:  7    Str: 18    XL:     6   Next: 35%
Magic:  6/6        EV: 12    Int:  9    God:    Trog [***...]
Gold:   36         SH:  0    Dex: 12    Spells: 5/5 levels left

rFire   . . .        k - +1 mace "Goblin's Undoing" {venom, ^Fragile rC+ Will+ SInv}
rCold   + . .        (no shield)
rNeg    + . .        g - melded +2 robe {rN+}
rPois   ∞            (no helmet)
rElec   +            (no cloak)
rCorr   .            (gloves currently unavailable)
SInv    +            (boots currently unavailable)
Will    +....        (no amulet)
Stlth   +            (no ring)
HPRegen 0.21/turn    (no ring)
MPRegen 0.10/turn

%: no passive effects
@: on fire, statue-form, glowing, very slow
A: slow and powerful, torment resistance 1, reduced hp, explore regen
a: Begin Untransformation, Renounce Religion, Berserk, Trog's Hand


You were on level 4 of the Dungeon.
You worshipped Trog.
Trog was most pleased with you.
You were a living statue of rough stone.
You visited 1 branch of the dungeon, and saw 4 of its levels.

You collected 223 gold pieces.
You spent 187 gold pieces at shops.

Inventory:

Hand Weapons
 a - a +0 hand axe of protection
 k - the +1 mace "Goblin's Undoing" (weapon) {venom, ^Fragile rC+ Will+ SInv}
   (You found it on level 3 of the Dungeon)

   rC+:       It protects you from cold.
   Will+:     It increases your willpower.
   SInv:      It lets you see invisible.
   ^Fragile:  It will be destroyed if unequipped.
Missiles
 h - 8 boomerangs (quivered)
 m - a throwing net
Armour
 g - a +2 robe of positive energy (melded)
Talismans
 q - a granite talisman (active)
Wands
 l - a wand of digging (4)
 o - a wand of flame (19)
Scrolls
 f - a scroll of fear
 n - a scroll of blinking
Potions
 b - 2 potions of curing
 c - 2 potions of heal wounds
 d - 3 potions of lignification
 e - 3 potions of berserk rage {unknown}
 i - a potion of might {unknown}
 j - a potion of enlightenment {unknown}
 p - a potion of invisibility {unknown}


   Skills:
 * Level 3.8 Fighting
 * Level 4.4(4.6) Axes
 * Level 1.3(3.1) Maces & Flails
 * Level 1.5 Throwing
 * Level 2.6 Armour
 * Level 3.2 Dodging
 * Level 1.8 Stealth
 * Level 0.1 Evocations
 * Level 0.1 Shapeshifting


You had 5 spell levels left.
You didn't know any spells.
Your spell library was empty.

Dungeon Overview and Level Annotations

Branches:
Dungeon (4/15)             Temple (0/1) D:4

Altars:
Gozag
Kikubaaqudgha
Trog
Wu Jian

Shops:
D:1 [   D:3 *!


Innate Abilities, Weirdness & Mutations

You are a living statue of rough stone.
Your actions are slow, but your melee attacks are powerful.
You are resistant to unholy torment.
Your maximum health is decreased, since you lack skill for your form.
Your equipment is partially melded.
You are immune to poison.
You regain HP and MP as you explore.


Message History

You turn into a living statue of rough stone.
Your +2 robe of positive energy melds into your body.
You feel less protected from negative energy.
Okay, then.
You climb downwards.
Found a staircase to the Ecumenical Temple.
There is a stone staircase leading up here.
Found a runed war axe.
Found a scroll of teleportation and 9 gold pieces.
A bombardier beetle comes into view.
Found 2 stones.
Throw: 8 boomerangs
Press: ? - help, Q - select action, (/) - cycle Shift-Dir - straight line, f - bombardier beetle
Aim: a bombardier beetle (67% to hit)
You throw a boomerang.
The boomerang hits the bombardier beetle.
The bombardier beetle is moderately wounded.
You closely miss the bombardier beetle.
The bombardier beetle is moderately wounded.
The bombardier beetle closely misses you.
You hit the bombardier beetle but do no damage.
The bombardier beetle is moderately wounded.
The bombardier beetle bites you.
You barely miss the bombardier beetle.
The bombardier beetle is moderately wounded.
The bombardier beetle bites you.
Ouch! That really hurt!
You feel better.
The bombardier beetle bites you but does no damage.
You hit the bombardier beetle but do no damage.
The bombardier beetle is moderately wounded.
The bombardier beetle sprays incendiary fluid at you.
The burning spray hits you.
You are covered in liquid fire!
You hit the bombardier beetle but do no damage.
The bombardier beetle is poisoned.
The bombardier beetle is moderately wounded.
The liquid fire burns you!
Ouch! That really hurt!
You die...

.# ##.#.# ...#.###
. ...#.(. .. #..#
#....# #.. #..#
#....#
##..##..###.)..#
...........8B..#
.#......#.#....#.#.
........#..........
..........#.###..##
.......<...........
.........#.#.......
.......###.#.......
.....###...##.....?
...#. ..... ......


You could see a bombardier beetle (very poisoned).

Vanquished Creatures
  The ghost of Silvore the Trooper, an amateur DsFi (D:3)
  A bombardier beetle (D:3)
  Jessica (D:2)
  4 gnolls (D:3)
  4 adders (D:2)
  A ribbon worm (D:2)
  3 dart slugs
  A ball python (D:2)
  2 endoplasms
  5 giant cockroaches
  11 goblins
  4 hobgoblins
  4 jackals
  A quokka (D:3)
  6 bats
  5 frilled lizards
  10 kobolds
  8 rats
72 creatures vanquished.

Vanquished Creatures (collateral kills)
  2 ribbon worms (D:2)
2 creatures vanquished.

Grand Total: 74 creatures vanquished

Notes
Turn   | Place    | Note
-------+----------+-------------------------------------------
     0 | D:1      | HakonGodeson the Human Berserker began the quest for the
                  | Orb.
     0 | D:1      | Reached XP level 1. HP: 18/18 MP: 1/1
   195 | D:1      | Found Gujol's Armour Shop.
   207 | D:1      | Reached XP level 2. HP: 14/24 MP: 2/2
   451 | D:1      | Reached ** piety under Trog
   473 | D:1      | Reached XP level 3. HP: 29/29 MP: 3/3
  1178 | D:2      | Noticed Jessica
  1206 | D:2      | Killed Jessica
  1207 | D:2      | Reached skill level 1 in Stealth
  1207 | D:2      | Reached XP level 4. HP: 9/35 MP: 4/4
  1466 | D:2      | Reached skill level 4 in Axes
  1582 | D:2      | Found a bloodstained altar of Trog.
  1743 | D:2      | Reached XP level 5. HP: 41/41 MP: 5/5
  2152 | D:3      | Found Deculi's Distillery.
  2189 | D:3      | Bought a potion of curing for 33 gold pieces
  2189 | D:3      | Bought a potion of lignification for 33 gold pieces
  2189 | D:3      | Bought a potion of heal wounds for 55 gold pieces
  2189 | D:3      | Bought 2 potions of curing for 66 gold pieces
  2215 | D:3      | Found Gozag's Platinum Reserve.
  2233 | D:3      | Found an opulent altar of Gozag.
  2318 | D:3      | Found an ancient bone altar of Kikubaaqudgha.
  2326 | D:3      | Identified the +1 mace "Goblin's Undoing" {venom, ^Fragile
                  | rC+ Will+ SInv}
  2404 | D:3      | Reached *** piety under Trog
  2479 | D:3      | Found a runed translucent door.
  2480 | D:3      | Noticed Silvore's ghost (amateur DsFi)
  2511 | D:3      | Killed Silvore's ghost
  2512 | D:3      | Reached skill level 1 in Maces & Flails
  2512 | D:3      | Reached skill level 1 in Throwing
  2512 | D:3      | Reached XP level 6. HP: 31/48 MP: 6/6
  2696 | D:3      | Found an ornate altar of the Wu Jian Council.
  2753 | D:4      | Found a staircase to the Ecumenical Temple.
  2768 | D:4      | Incinerated by a bombardier beetle

Illustrated notes

Levels and vault maps discovered:
D:1:      minmay_arrival_floating_metal, layout_loops_ring, serial_shops, shop,
          chequers_big_river, hangedman_decor_riveting,
          chequers_serial_rivers_micro_b, minmay_hedge_maze
D:2:      layout_loops_ring, basic_altar, minmay_tall_x, uniq_jessica
D:3:      layout_basic, nzn_wu_jian_contemplation,
          mainiacjoe_overflow_small_starburst, nicolae_gozag_zags_fifth_avenue,
          serial_shops, shop, gammafunk_ghost_grave
D:4:      layout_basic, mainiacjoe_overflow_six_doors_small,
          minmay_temple_entry_slanted, serial_shops, shop,
          kennysheep_generic_room_6

Skill      XL: |  1  2  3  4  5 |
---------------+----------------+-----
Stealth        | 1 |  1.8
Axes           | 4 |  4.4
Dodging        | 3 |  3.2
Maces & Flails | 1 |  1.3
Throwing       | 1 |  1.5
Fighting       | |  3.8
Armour         | |  2.6
Evocations     | |  0.1
Shapeshifting  | |  0.1

Action                     |  1- 3 |  4- 6 || total
---------------------------+-------+-------++-------
  Melee: Hand axe          |   107 |    67 ||   174
         Punch             |     1 |       ||     1
         Mace              |       |    41 ||    41
  Throw: Boomerang         |       |    35 ||    35
 Invoke: Berserk           |       |     4 ||     4
    Use: Scroll            |     5 |     3 ||     8
         Potion            |       |     1 ||     1
 Armour: Animal skin       |    53 |       ||    53
         Ring mail         |    14 |       ||    14
         Robe              |       |    76 ||    76
         Skin              |       |     3 ||     3
  Dodge: Dodged            |    77 |    93 ||   170
   Form: Statue            |       |     1 ||     1
